 Dungeon Crawl Stone Soup version 0.23.1 (webtiles) character file.

Game seed: 14039553410852865796

115 Borgoz the Sneak (level 5, -1/40 HPs)
             Began as a Ghoul Enchanter on Mar 13, 2019.
             Slain by a worker ant (7 damage)
             ... on level 6 of the Dungeon.
             The game lasted 00:07:08 (4646 turns).

Borgoz the Sneak (Ghoul Enchanter)                  Turns: 4646, Time: 00:07:08

Health: -1/40      AC:  3    Str: 12    XL:     5   Next: 0%
Magic:  1/7        EV: 12    Int: 10    God:
Gold:   223        SH:  0    Dex: 10    Spells: 2/8 levels left

rFire    . . .     SeeInvis .   a - +1 dagger
rCold    + . .     Gourm    .   (no shield)
rNeg     + + +     Faith    .   c - +0 leather armour
rPois    ∞         Spirit   .   (no helmet)
rElec    .         Reflect  .   (no cloak)
rCorr    .         Harm     .   (no gloves)
MR       .....                  (no boots)
Stlth    ++........             (no amulet)
HPRegen  0.00/turn              (no ring)
MPRegen  0.10/turn              (no ring)

@: rotting
A: rotting body, claws 1, carnivore, cold resistance 1, negative energy
resistance 3, inhibited regeneration, torment resistance, unbreathing
a: no special abilities


You were on level 6 of the Dungeon.
You were not hungry.

You visited 1 branch of the dungeon, and saw 5 of its levels.

You collected 223 gold pieces.

Inventory:

Hand Weapons
 a - a +1 dagger (weapon)
Armour
 c - a +0 leather armour (worn)
Scrolls
 b - 2 scrolls of teleportation
 e - 4 scrolls of identify {unknown}
 g - a scroll of noise {unknown}
 i - a scroll of enchant armour {unknown}
 j - a scroll of fear {unknown}
 l - 3 scrolls of remove curse {unknown}
 m - 2 scrolls of amnesia {unknown}
Potions
 f - a potion of heal wounds {unknown}
 h - a potion of might {unknown}
 k - a potion of brilliance {unknown}
 n - a potion of invisibility {unknown}
 p - a potion of curing {unknown}
 q - a potion of haste {unknown}
Comestibles
 d - 6 rations
 o - a chunk of flesh


   Skills:
 + Level 1.2 Fighting
 * Level 1.9 Short Blades
 * Level 1.6 Armour
 + Level 2.2 Dodging
 + Level 4.0 Stealth
 + Level 2.1 Spellcasting
 + Level 2.6 Hexes


You had 2 spell levels left.
You knew the following spells:

 Your Spells              Type           Power        Failure   Level  Hunger
a - Corona                Hex            #......      14%         1    ##.....
b - Ensorcelled Hibernat  Hex/Ice        #.....       34%         2    ###....
c - Confuse               Hex            #.......     38%         3    ####...

Your spell library contained the following spells:

 Spells                   Type           Power        Failure   Level  Hunger
 Confusing Touch          Hex            #.....       14%         1    ##.....
 Animate Skeleton         Necr           N/A          36%         1    ##.....
 Apportation              Tloc           #.....       36%         1    ##.....
 Summon Small Mammal      Summ           #...         36%         1    ##.....
 Tukima's Dance           Hex            #.......     38%         3    ####...
 Dazzling Spray           Conj/Hex       #.....       56%         3    ####...


Dungeon Overview and Level Annotations

Branches:
Dungeon (4/15)
 Temple: D:4-7

Altars:
Makhleb
Qazlal


Innate Abilities, Weirdness & Mutations

Your body is rotting away.
You thrive on raw meat.
You are immune to poison.
You have sharp fingernails.
You are carnivorous and can eat meat at any time.
Your flesh is cold resistant. (rC+)
You are immune to negative energy. (rN+++)
You do not regenerate when monsters are visible.
You are immune to unholy pain and torment.
You can survive without breathing.


Message History

Press: ? - help, Shift-Dir - straight line, f - centaur
Aim: a centaur (chance to defeat MR: 35%)
The centaur easily resists.
The worker ant bites you. The centaur misses you.
Casting: Ensorcelled Hibernation (safe; 34% risk of failure)
Confirm with . or Enter, or press ? or * to list all spells.
Aiming: Ensorcelled Hibernation (safe; 34% risk of failure)
Press: ? - help, Shift-Dir - straight line, f/p - centaur
Aim: a centaur (chance to defeat MR: 35%)
The centaur easily resists.
The centaur hits you but does no damage.
The worker ant bites you. The centaur hits you!
* * * LOW HITPOINT WARNING * * *
Casting: Ensorcelled Hibernation (safe; 34% risk of failure)
Confirm with . or Enter, or press ? or * to list all spells.
Aiming: Ensorcelled Hibernation (safe; 34% risk of failure)
Press: ? - help, Shift-Dir - straight line, f/p - centaur
Aim: a centaur (chance to defeat MR: 35%)
The centaur easily resists.
The worker ant barely misses you. The centaur barely misses you.
The worker ant bites you!
You die...

[##########
..........#
..........#
..........#
....[.....#
.......a..#
......c@..#
..........#
..........#
..........#
..........#
..........#
..........#
###########


You could see a centaur and a worker ant.

Vanquished Creatures
  3 adders (D:2)
  2 worms
  A dart slug (D:1)
  3 leopard geckos
  3 giant cockroaches
  6 goblins
  10 hobgoblins
  15 jackals
  5 quokkas (D:2)
  4 bats
  2 frilled lizards
  5 kobolds
  8 rats
67 creatures vanquished.

Notes
Turn   | Place    | Note
-------+----------+-------------------------------------------
     0 | D:1      | Borgoz the Ghoul Enchanter began the quest for the Orb.
     0 | D:1      | Reached XP level 1. HP: 14/14 MP: 2/2
    56 | D:1      | Reached skill level 1 in Short Blades
   271 | D:1      | Reached XP level 2. HP: 19/20 MP: 3/3
   559 | D:1      | Reached XP level 3. HP: 16/27 MP: 4/4
   595 | D:1      | Reached skill level 1 in Armour
  1405 | D:2      | Learned a level 2 spell: Ensorcelled Hibernation
  1409 | D:2      | Learned a level 3 spell: Confuse
  1870 | D:2      | Reached XP level 4. HP: 29/34 MP: 3/6
  2266 | D:2      | Reached skill level 1 in Fighting
  2420 | D:2      | Found a burning altar of Makhleb.
  2935 | D:2      | Found a stormy altar of Qazlal.
  3302 | D:2      | Found a faded altar of an unknown god.
  4492 | D:3      | Reached skill level 4 in Stealth
  4492 | D:3      | Reached XP level 5. HP: 40/40 MP: 7/7
  4615 | D:4      | Noticed an ogre
  4630 | D:4      | You fall through a shaft for 2 floors!
  4633 | D:6      | Noticed a phantom
  4636 | D:6      | Noticed an orc warrior
  4642 | D:6      | Noticed a centaur
  4646 | D:6      | Slain by a worker ant

Skill      XL: |  1  2  3  4 |
---------------+-------------+-----
Short Blades   | 1 |  1.9
Armour         | 1 |  1.6
Dodging        | 2 |  2.2
Spellcasting   | 2 |  2.1
Fighting       | 1 |  1.2
Stealth        | 4 |  4.0
Hexes          | |  2.6

Action                   |  1- 3 |  4- 6 || total
-------------------------+-------+-------++-------
Melee: Dagger            |   186 |   177 ||   363
 Cast: Ensorcelled Hiber |     1 |    14 ||    15
  Use: Scroll            |       |     1 ||     1
 Stab: Sleeping          |     3 |     6 ||     9
       Distracted        |     1 |       ||     1
  Eat: Chunk             |    10 |    12 ||    22
Armor: Leather armour    |    47 |    43 ||    90
Dodge: Dodged            |   112 |   112 ||   224
